 Dungeon Crawl Stone Soup version 0.18.1-48-g4cf74bf (webtiles) character file.

12392 MirrMurr the Unseen (level 11, -6/47 HPs)
             Began as a Spriggan Enchanter on July 29, 2016.
             Was a Believer of Ashenzari.
             Killed from afar by a rime drake (29 damage)
             ... with a flash freeze
             ... on level 2 of the Lair of Beasts on July 30, 2016.
             The game lasted 00:36:45 (16891 turns).

MirrMurr the Unseen (Spriggan Enchanter)           Turns: 16891, Time: 00:36:46

Health: -6/47      AC:  4    Str:  6    XL:     11   Next: 61%
Magic:  18/26      EV: 26    Int: 18    God:    Ashenzari [**....]
Gold:   665        SH:  0    Dex: 17    Spells: 4 memorised, 22 levels left

rFire  . . .     SeeInvis +     a - +1 dagger
rCold  . . .     Gourm    .     s - +2 robe
rNeg   . . .     Faith    .     (shield restricted)
rPois  .         Spirit   .     (helmet restricted)
rElec  .         Dismiss  .     (no cloak)
rCorr  +         Reflect  .     (gloves unavailable)
SustAt .         Harm     .     (boots unavailable)
MR     +....                    (no amulet)
Stlth  +++++++...               m - +6 ring of evasion (curse)
                                e - ring of resist corrosion

@: very quick, somewhat resistant to hostile enchantments, extremely stealthy
A: unfitting armour, see invisible, herbivore 3, speed 3, slow metabolism 2
a: Curse Item, Scrying, Renounce Religion


You were on level 2 of the Lair of Beasts.
You worshipped Ashenzari.
Ashenzari was pleased with you.
You were not hungry.

You visited 3 branches of the dungeon, and saw 12 of its levels.
You also visited: Ossuary.

You collected 665 gold pieces.

Inventory:

Hand Weapons
 a - a +1 dagger (weapon)
Missiles
 f - 298 stones
 w - 10 tomahawks (quivered)
Armour
 s - a +2 robe (worn)
Jewellery
 e - a ring of resist corrosion (left hand)
 g - an uncursed ring of protection from fire
 m - a cursed +6 ring of evasion (right hand)
 n - a +4 ring of dexterity
 C - an uncursed ring of poison resistance
 G - an uncursed amulet of magic regeneration
Wands
 E - a wand of flame (17/48)
 F - a wand of slowing (34/48)
Scrolls
 d - 2 scrolls of magic mapping
 h - 3 scrolls of fear
 i - 3 scrolls of identify
 k - 2 scrolls of recharging
 l - 13 scrolls of teleportation
 r - 3 scrolls of remove curse
 y - 2 scrolls of amnesia
Potions
 b - 3 potions of ambrosia
 j - 4 potions of heal wounds
 o - 2 potions of agility
 p - 4 potions of curing
 q - 5 potions of haste
 u - a potion of flight
 v - a potion of might
 x - 2 potions of brilliance {unknown}
Books
 c - a book of Maledictions

   Spells                             Type                      Level
   a - Corona                         Hexes                        1
   b - Ensorcelled Hibernation        Hexes/Ice                    2
   c - Confuse                        Hexes                        3
   d - Tukima's Dance                 Hexes                        3
   e - Dazzling Spray                 Conjuration/Hexes            3
 B - a book of Misfortune

   Spells                             Type                      Level
   a - Confusing Touch                Hexes                        2
   b - Confuse                        Hexes                        3
   c - Gell's Gravitas                Hexes/Translocation          3
   d - Petrify                        Transmutation/Earth          4
   e - Metabolic Englaciation         Hexes/Ice                    5
   f - Yara's Violent Unravelling     Hexes/Transmutation          5
 D - an Akashic Record

   Spells                             Type                      Level
   a - Dispersal                      Translocation                6
   b - Malign Gateway                 Summoning/Translocation      7
   c - Disjunction                    Translocation                8
   d - Controlled Blink               Translocation                8
 H - a Grand Grimoire

   Spells                             Type                      Level
   a - Monstrous Menagerie            Summoning                    7
   b - Summon Greater Demon           Summoning                    7
   c - Malign Gateway                 Summoning/Translocation      7
   d - Summon Horrible Things         Summoning                    8
Comestibles
 t - 7 bread rations
 z - 5 slices of pizza
 A - 13 fruits


   Skills:
 + Level 8.2 Short Blades
 * Level 5.1 Dodging
 + Level 15.7 Stealth
 + Level 10.9 Spellcasting
 + Level 12.2 Hexes


You had 22 spell levels left.
You knew the following spells:

 Your Spells              Type           Power        Failure   Level  Hunger
a - Ensorcelled Hibernat  Hex/Ice        ####..       1%          2    None
b - Confuse               Hex            ######..     1%          3    None
c - Corona                Hex            ######.      1%          1    None
d - Dazzling Spray        Conj/Hex       ####..       1%          3    None


Dungeon Overview and Level Annotations

Branches:
Dungeon (8/15)             Temple (1/1) D:4            Lair (3/8) D:8
  Snake (0/4) Lair:3
  Swamp: Lair:3-6    Shoals: Lair:3-6

Altars:
Ashenzari
Cheibriados
Dithmenos
Elyvilon
Fedhas
Gozag
Kikubaaqudgha
Makhleb
Nemelex Xobeh
Okawaru
Pakellas
Qazlal
Ru
Sif Muna
Trog
Vehumet
Xom
Yredelemnul
Zin
The Shining One

Shops:
D:6 }   D:7 }

Annotations:
D:4 Athtar's ghost, novice MfTm


Innate Abilities, Weirdness & Mutations

You are tiny and cannot use many weapons and most armour.
You have supernaturally acute eyesight.
You are a herbivore.
You cover ground extremely quickly.
You need consume almost no food.


Message History

Press: ? - help, Shift-Dir - straight line, f/p - hell rat
Aim: a hell rat (moderately wounded)
The spray of energy hits the hell rat.
The hell rat is severely wounded.
The hell rat is dazzled.
The spray of energy hits the rime drake.
The rime drake is lightly wounded.
The rime drake is dazzled.
The hell rat completely misses you.
Casting: Dazzling Spray
Confirm with . or Enter, or press ? or * to list all spells.
Aiming: Dazzling Spray
Press: ? - help, Shift-Dir - straight line, f/p - hell rat
Aim: a hell rat (severely wounded, blind)
The spray of energy hits the hell rat.
You kill the hell rat!
The rime drake is no longer blind.
The rime drake breathes ice at you. The flash freeze hits you!
Ouch! That really hurt!
You die...

..###.....##..##..........##'#...
..###.....##..............PP'##..
..##P......#.....♣...♣........##.
..###...........♣.P.P.♣........#.
<...#.............♣.♣P........#..
..###......#.......>...........#.
.###......##......♣.♣..........#.
#####......#.k..♣P...P♣.+#######.
P.###.....#...+.@♣...♣....######.
..........#.##...................
.................................
.......................†.........
.............................[...
...........#..#.#................
###.......##.P#.#................
####...........##......######....
P####.....##...........##.#####..


You could see a rime drake.

Vanquished Creatures
  A hydra (Lair:2)
  A death yak (Lair:3)
  4 spiny frogs
  A troll (D:8)
  Sigmund (D:5)
  Eustachio (D:4)
  A hog (D:7)
  4 hippogriffs
  17 yaks
  A human (D:7)
  Grum (D:8)
  2 basilisks
  Duvessa (D:5)
  3 water moccasins
  3 porcupines
  A black bear (Lair:3)
  A necrophage (D:5)
  4 orc warriors
  3 ogres
  An eye of draining (D:8)
  2 ice beasts
  A sky beast (D:7)
  A phantom (D:6)
  9 wolves
  3 centaurs
  3 crocodiles
  2 big kobolds
  A giant frog (Lair:1)
  2 scorpions
  A wyvern skeleton (D:7)
  Dowan (D:5)
  A howler monkey (D:4)
  2 vampire bats (D:8)
  7 electric eels
  3 crimson imps
  A centaur zombie (D:7)
  A giant frog zombie (D:5)
  A quasit (D:6)
  A centaur skeleton (D:7)
  8 hounds
  2 jellies
  5 orc priests
  A giant frog skeleton (D:5)
  Jessica (D:3)
  Natasha (thrice) (D:3)
  5 iguanas
  An orc wizard (D:6)
  8 worker ants
  2 hell rats
  4 sheep
  2 hound skeletons
  3 mummies (Ossuary)
  4 gnolls (D:3)
  12 adders
  28 river rats
  2 shadow imps
  An ooze (D:3)
  An adder zombie (D:7)
  4 worms
  A dart slug (D:2)
  7 giant geckos
  14 orcs
  A bat skeleton (D:8)
  4 bat zombies (D:8)
  5 giant cockroaches
  3 gnoll zombies (Ossuary)
  8 hobgoblins
  3 jackals
  A quokka (D:6)
  3 ball pythons (D:2)
  8 bats
  2 giant gecko skeletons
  A giant gecko zombie (D:8)
  A giant newt (D:4)
  4 gnoll skeletons (Ossuary)
  13 goblins
  A goblin skeleton (Ossuary)
  2 goblin zombies (Ossuary)
  A hobgoblin skeleton (Ossuary)
  A hobgoblin zombie (Ossuary)
  A jackal skeleton (D:4)
  A jackal zombie (D:6)
  17 kobolds
  2 kobold skeletons (Ossuary)
  A kobold zombie (Ossuary)
  2 orc skeletons (Ossuary)
  2 orc zombies (Ossuary)
  A quokka skeleton (D:6)
  A quokka zombie (D:5)
  12 rats
  A rat skeleton (Ossuary)
  4 rat zombies (Ossuary)
321 creatures vanquished.

Vanquished Creatures (others)
  Menkaure (Ossuary)
  A gnoll skeleton (Ossuary)
  3 goblin skeletons (Ossuary)
  A goblin zombie (Ossuary)
  2 hobgoblin skeletons (Ossuary)
  5 hobgoblin zombies (Ossuary)
  2 kobold skeletons (Ossuary)
  A kobold zombie (Ossuary)
  5 orc skeletons (Ossuary)
  2 orc zombies (Ossuary)
  A rat skeleton (Ossuary)
  3 rat zombies (Ossuary)
  7 plants
  4 toadstools (D:1)
38 creatures vanquished.

Grand Total: 359 creatures vanquished

Notes
Turn   | Place    | Note
--------------------------------------------------------------
     0 | D:1      | MirrMurr the Spriggan Enchanter began the quest for the Orb.
     0 | D:1      | Reached XP level 1. HP: 9/9 MP: 5/5
   374 | D:1      | Reached skill level 5 in Stealth
   811 | D:1      | Reached XP level 2. HP: 13/13 MP: 6/6
   815 | D:1      | Learned a level 2 spell: Ensorcelled Hibernation
  1560 | D:1      | Reached skill level 6 in Stealth
  1947 | D:1      | Reached XP level 3. HP: 16/16 MP: 8/8
  1952 | D:1      | Learned a level 3 spell: Confuse
  2052 | D:2      | Found a stormy altar of Qazlal.
  2191 | D:2      | Reached skill level 7 in Stealth
  2538 | D:2      | Reached XP level 4. HP: 13/21 MP: 6/9
  2543 | D:2      | Learned a level 3 spell: Dazzling Spray
  2704 | D:2      | Found a deep blue altar of Sif Muna.
  2919 | D:3      | Noticed Natasha
  2922 | D:3      | Killed Natasha
  3446 | D:3      | Reached skill level 8 in Stealth
  3500 | D:3      | Reached XP level 5. HP: 24/24 MP: 9/11
  3511 | D:3      | Noticed Natasha
  3597 | D:3      | Killed Natasha
  3872 | D:3      | Noticed Natasha
  3912 | D:3      | Killed Natasha
  4210 | D:3      | Noticed Jessica
  4213 | D:3      | Killed Jessica
  4213 | D:3      | Reached skill level 9 in Stealth
  4213 | D:3      | Reached XP level 6. HP: 28/28 MP: 11/13
  4305 | D:3      | Found a shimmering altar of Xom.
  4554 | D:4      | Noticed Eustachio
  4691 | D:4      | Found a staircase to the Ecumenical Temple.
  4705 | Temple   | Entered the Ecumenical Temple
  4727 | Temple   | Became a worshipper of Ashenzari the Shackled
  5116 | D:4      | Killed Eustachio
  5116 | D:4      | Reached skill level 10 in Stealth
  5116 | D:4      | Reached skill level 5 in Hexes
  5116 | D:4      | Reached XP level 7. HP: 19/32 MP: 2/15
  5327 | D:4      | Found a shattered altar of Ashenzari.
  5928 | D:4      | Noticed Athtar's ghost (novice MfTm)
  6218 | D:4      | Reached skill level 5 in Spellcasting
  6368 | D:5      | Entered Level 5 of the Dungeon
  6368 | D:5      | Found a sand-covered staircase.
  6482 | D:5      | Noticed Duvessa
  6484 | D:5      | Noticed Dowan
  6486 | Ossuary  | Entered an ossuary
  6851 | Ossuary  | Killed Menkaure
  7301 | D:5      | Killed Dowan
  7356 | D:5      | Killed Duvessa
  7356 | D:5      | Reached skill level 11 in Stealth
  7471 | D:5      | Noticed Sigmund
  7490 | D:5      | Killed Sigmund
  7490 | D:5      | Reached XP level 8. HP: 30/36 MP: 4/18
  7730 | D:5      | Reached skill level 12 in Stealth
  8051 | D:5      | Reached * piety under Ashenzari
  8641 | D:6      | Found Maisoz's Gadget Emporium.
  9398 | D:6      | Found a sparkling altar of Nemelex Xobeh.
  9657 | D:6      | Reached XP level 9. HP: 39/39 MP: 20/20
  9726 | D:7      | Found Raleu's Gadget Emporium.
  9836 | D:7      | Reached skill level 13 in Stealth
 10863 | D:7      | Found a shadowy altar of Dithmenos.
 10864 | D:7      | Found an oddly glowing altar of Pakellas.
 11454 | D:8      | Reached skill level 5 in Short Blades
 11531 | D:8      | Found a staircase to the Lair.
 11535 | D:8      | Reached skill level 10 in Hexes
 11559 | D:8      | Reached XP level 10. HP: 40/44 MP: 15/23
 11595 | D:8      | Reached skill level 14 in Stealth
 11988 | D:8      | Noticed Grum
 12035 | D:8      | Killed Grum
 12190 | D:8      | Found an ancient bone altar of Kikubaaqudgha.
 12715 | Lair:1   | Entered Level 1 of the Lair of Beasts
 12723 | Lair:1   | Noticed a seven-headed hydra
 12786 | Lair:1   | Noticed a spiny frog
 12824 | Lair:1   | Reached ** piety under Ashenzari
 12836 | Lair:1   | Noticed a spiny frog
 12854 | Lair:1   | Killed a spiny frog
 14202 | Lair:1   | Noticed a spiny frog
 14211 | Lair:1   | Killed a spiny frog
 14318 | Lair:1   | Killed a spiny frog
 14933 | Lair:2   | Reached skill level 10 in Spellcasting
 14938 | Lair:2   | Reached skill level 15 in Stealth
 14938 | Lair:2   | Reached XP level 11. HP: 47/47 MP: 24/26
 15139 | Lair:2   | Killed a seven-headed hydra
 15896 | Lair:3   | Found a staircase to the Snake Pit.
 15908 | Lair:3   | Noticed a death yak
 15913 | Lair:3   | Noticed a death yak
 15914 | Lair:3   | Noticed a death yak
 16821 | Lair:3   | Killed a death yak
 16824 | Lair:3   | Reached skill level 5 in Dodging
 16891 | Lair:2   | Killed from afar by a rime drake

Skill      XL: |  1  2  3  4  5  6  7  8  9 10 11 |
---------------+----------------------------------+-----
Stealth        | 5 6 7 8 9 10 11 12 13 15 | 15.7
Spellcasting   | 3 4 6 7 8 10 | 10.9
Hexes          | 4 5 6 7 10 11 12 | 12.2
Short Blades   | 2 5 6 8 |  8.2
Dodging        | 5 |  5.1

Action                   |  1- 3 |  4- 6 |  7- 9 | 10-12 || total
-------------------------+-------+-------+-------+-------++-------
Melee: Dagger            |   158 |   147 |   393 |   313 ||  1011
 Cast: Corona            |     1 |       |       |     2 ||     3
       Ensorcelled Hiber |     6 |    31 |    62 |    81 ||   180
       Confuse           |       |     1 |    38 |    23 ||    62
       Dazzling Spray    |       |       |     7 |    28 ||    35
Invok: Curse Item        |       |     1 |       |       ||     1
  Use: Scroll            |     7 |     3 |     8 |     5 ||    23
       Potion            |       |     1 |       |       ||     1
 Stab: Sleeping          |    13 |    30 |    59 |    81 ||   183
       Distracted        |     3 |     1 |     1 |     1 ||     6
       Confused          |       |     1 |    16 |    13 ||    30
       Invisible         |       |       |     2 |     2 ||     4
  Eat: Bread ration      |       |     1 |     1 |       ||     2
       Fruit             |       |       |       |     3 ||     3
       Pizza             |       |       |       |     2 ||     2
Armor: Robe              |    23 |    11 |    17 |    20 ||    71
       Skin              |       |    20 |       |       ||    20
Dodge: Dodged            |   121 |   105 |   283 |   240 ||   749
